 Dungeon Crawl Stone Soup version 0.23.2-40-g277498a001 (webtiles) character file.

Game seed: 5936730369759123656

44438 H0rd4k the Carver (level 14, -5/118 HPs)
             Began as a Human Artificer on Sept 12, 2019.
             Was an Initiate of Gozag.
             Slain by a spriggan rider
             ... wielding a +0 spear
              (16 damage)
             ... on level 6 of the Lair of Beasts.
             The game lasted 01:13:50 (24955 turns).

H0rd4k the Carver (Human Artificer)                Turns: 24955, Time: 01:13:51

Health: -5/118     AC: 13    Str: 16    XL:     14   Next: 65%
Magic:  28/28      EV: 17    Int: 14    God:    Gozag
Gold:   3238       SH:  0    Dex: 13    Spells: 13/13 levels left

rFire    + + .     SeeInvis .   m - +4 scimitar (flame)
rCold    x . .     Gourm    .   (no shield)
rNeg     . . .     Faith    .   c - +1 leather armour {rF+}
rPois    +         Spirit   .   (no helmet)
rElec    .         Reflect  .   d - +2 cloak {rPois}
rCorr    .         Harm     .   A - +1 pair of gloves
MR       +....                  p - +2 pair of boots
Stlth    ++........             B - amulet "Luuwafic" {Inacc +Inv rPois MP+9}
HPRegen  0.29/turn              t - ring of fire
MPRegen  0.21/turn              C - ring of poison resistance

@: silence (expiring), marked, gold aura, very slightly contaminated, invisible
A: no striking features
a: Renounce Religion


You were on level 6 of the Lair of Beasts.
You worshipped Gozag.
Gozag was most pleased with you.
You were not hungry.

You visited 3 branches of the dungeon, and saw 18 of its levels.
You also visited: Volcano.

You collected 4160 gold pieces.
You spent 346 gold pieces at shops.
You paid 576 gold pieces to Gozag.

Inventory:

Hand Weapons
 m - a +4 scimitar of flaming (weapon)
 y - a +0 arbalest of flaming
 H - a +3 scimitar of venom
Missiles
 v - 7 javelins (quivered)
 E - 3 tomahawks
Armour
 c - a +1 leather armour of fire resistance (worn)
 d - a +2 cloak of poison resistance (worn)
 p - a +2 pair of boots (worn)
 A - a +1 pair of gloves (worn)
Magical Staves
 z - an uncursed staff of cold
 S - an uncursed staff of wizardry
Jewellery
 r - the ring of Onifu {*Tele Dex+4}
   (You found it in a volcano)

   [ring of teleportation]

   It may teleport you next to monsters.
   It affects your dexterity (+4).
 t - a ring of fire (left hand)
 u - an uncursed ring of positive energy
 x - an uncursed ring of wizardry
 B - the amulet "Luuwafic" (around neck) {Inacc +Inv rPois MP+9}
   (You found it on level 4 of the Lair of Beasts)

   [amulet of inaccuracy]

   It reduces the accuracy of all your attacks.
   It protects you from poison.
   It affects your magic capacity (+9).
   It lets you turn invisible.
 C - a ring of poison resistance (right hand)
 F - an uncursed ring of protection from cold
 G - an uncursed ring of resist corrosion
 N - an uncursed amulet of magic regeneration
Wands
 a - a wand of iceblast (12)
 e - a wand of random effects (27)
 l - a wand of flame (1)
 q - a wand of polymorph (3)
 V - a wand of paralysis (2)
Scrolls
 i - 13 scrolls of remove curse
 k - 2 scrolls of identify
 o - 3 scrolls of fog
 w - a scroll of brand weapon
 D - 4 scrolls of magic mapping
 M - 3 scrolls of enchant armour
 R - a scroll of enchant weapon {unknown}
 T - 3 scrolls of amnesia
 U - a scroll of silence
Potions
 g - a potion of might
 h - 2 potions of resistance
 j - 3 potions of curing
 n - a potion of brilliance
 s - 4 potions of flight
 I - a potion of berserk rage
 J - 3 potions of mutation
 L - a potion of invisibility
 Q - a potion of agility
Miscellaneous
 O - a lightning rod (3/4)
Comestibles
 f - 14 rations


   Skills:
 + Level 13.4 Fighting
   Level 8.9(12.4) Short Blades
 + Level 13.7(14.6) Long Blades
 + Level 1.9 Throwing
 + Level 6.4 Armour
 + Level 9.4 Dodging
 + Level 7.8 Stealth
 + Level 7.3 Evocations


You had 13 spell levels left.
You didn't know any spells.
Your spell library contained the following spells:

 Spells                   Type           Power        Failure   Level  Hunger
 Animate Skeleton         Necr           N/A          34%         1    ##.....
 Apportation              Tloc           #.....       34%         1    ##.....
 Confusing Touch          Hex            #.....       34%         1    ##.....
 Corona                   Hex            #......      34%         1    ##.....
 Magic Dart               Conj           #...         34%         1    ##.....
 Summon Small Mammal      Summ           #...         34%         1    ##.....
 Blink                    Tloc           N/A          45%         2    ###....
 Call Imp                 Summ           #.......     45%         2    ###....
 Ensorcelled Hibernation  Hex/Ice        #.....       45%         2    ###....
 Slow                     Hex            #.......     45%         2    ###....
 Confuse                  Hex            #.......     71%         3    ####...
 Conjure Flame            Conj/Fire      #.......     71%         3    ####...
 Dazzling Spray           Conj/Hex       #.....       71%         3    ####...
 Gell's Gravitas          Tloc           #.........   71%         3    ####...
 Mephitic Cloud           Conj/Pois/Air  #.......     71%         3    ####...
 Tukima's Dance           Hex            #.......     71%         3    ####...
 Petrify                  Tmut/Erth      #.......     98%         4    #####..
 Metabolic Englaciation   Hex/Ice        #.........   100%        5    ######.
 Yara's Violent Unravell  Hex/Tmut       #.........   100%        5    ######.


Dungeon Overview and Level Annotations

Branches:
Dungeon (11/15)            Temple (1/1) D:5            Lair (6/6) D:10
 Shoals (0/4) Lair:2        Snake (0/4) Lair:3        Slime (0/5) Lair:5
    Orc (0/2) D:11

Altars:
Ashenzari
Cheibriados
Dithmenos
Elyvilon
Fedhas
Gozag
Hepliaklqana
Kikubaaqudgha
Makhleb
Nemelex Xobeh
Okawaru
Qazlal
Ru
Sif Muna
Trog
Uskayaw
Vehumet
Wu Jian
Xom
Yredelemnul
Zin
The Shining One

Shops:
D:6 !   D:9 :   D:10 [

Annotations:
D:11 exclusion: obsidian statue, FishyPogo's ghost, journeyman TrMo
Lair:1 exclusion: downstairs
Lair:3 exclusion: downstairs
Lair:5 exclusion: 2 downstairs


Message History

You completely miss the boggart. The spriggan rider barely misses you.
The boggart hits you but does no damage.
The water moccasin bites you but does no damage.
You slash the boggart! You burn the boggart.
The boggart is almost dead.
The spriggan rider hits you with a +0 spear.
* * * LOW HITPOINT WARNING * * *
The water moccasin closely misses you.
The boggart mumbles some strange words.
The boggart blinks!
Being near the torpor snail leaves you feeling lethargic.
The spriggan rider hits you but does no damage.
You slice the boggart!! You burn the boggart.
You kill the boggart!
The torpor snail dissolves into shadows!
The water moccasin dissolves into shadows!
You feel yourself speed up.
The spriggan rider hits you from afar with a +0 spear!
You die...
Your body crumbles into a pile of gold.

#.#......#P#..≈≈≈≈≈≈≈≈≈..PPPP#
###..Y...###.≈≈≈≈≈≈≈≈≈≈≈..PPP#
##......###.≈≈≈≈...≈≈≈≈..##P#
#......S....≈≈≈≈._......PPPP#
#......§###.≈≈≈≈...≈≈≈≈.PPPP#
##......# #.≈≈≈≈≈≈≈≈≈≈≈.PP#P#
#.Y...D# #i.≈≈≈≈≈≈≈≈≈..PP.P#
##....S.#P#P$.≈≈≈≈≈≈≈..P.PPP#
#.......#PP.P@.≈≈≈≈≈..PPP.#P#
#.......##PPPP.......PPPP.P.#
##......#.P#PP#PPPPPPPPPP..P#
##......#PP##PPP#P#PP#P....P#


#.......#PPPPPP#PP.PPPPP.PP.# ##......#P#P#P.PP.##PPP#PPP##
##......#################### #..........P### ##............# You could see a
spriggan rider.

Vanquished Creatures
  Kirke (Lair:4)
  Josephine (Lair:4)
  Harold (Lair:1)
  3 hydras
  2 two-headed ogres
  Erica (D:8)
  A death yak (Lair:4)
  Urug (Lair:2)
  Nergalle (Lair:1)
  Pikel (D:5)
  2 lindwurms (Volcano)
  2 oklob plants
  A troll (D:9)
  A steam dragon (D:10)
  A cyclops (D:11)
  Maurice (D:8)
  A merfolk siren (Lair:2)
  5 black mambas
  The ghost of Alannah the Bolt Thrower, a novice DsHu (D:5)
  2 gargoyles
  A molten gargoyle (Volcano)
  11 spiny frogs
  2 efreet (Volcano)
  4 komodo dragons
  The ghost of NekoKawashu the Sneak, a novice KoEn of Dithmenos (D:5)
  The ghost of Thomus the Destroyer, a novice DECj (D:5)
  3 merfolk (Lair:2)
  7 polar bears
  The ghost of raetorn the Ruffian, an amateur DrTm (D:4)
  4 dream sheep (Lair:6)
  21 blink frogs
  10 hippogriffs
  9 yaks (D:11)
  Eustachio (D:5)
  3 wyverns
  2 spriggans
  6 fire elementals (Volcano)
  4 wraiths (Lair:4)
  3 hogs (Lair:4)
  4 basilisks
  A hungry ghost (D:10)
  Menkaure (D:6)
  5 nagas (Lair:3)
  9 water moccasins
  6 porcupines
  An ice beast (D:6)
  5 sky beasts
  18 wolves
  3 phantoms
  A necrophage (D:10)
  5 ogres
  14 crocodiles
  2 centaurs
  A boggart (Lair:6)
  11 bullfrogs
  5 earth elementals (Volcano)
  A water moccasin zombie (D:7)
  A scorpion (D:10)
  11 killer bees
  4 wights (D:9)
  4 electric eels (Lair:3)
  3 howler monkeys
  6 crimson imps
  A bullfrog zombie (D:10)
  3 centaur zombies
  8 hounds
  2 jellies (D:8)
  5 orc priests
  5 orc wizards
  3 centaur skeletons
  A gnoll shaman (D:7)
  An iguana (D:5)
  Terence (D:2)
  12 worker ants
  3 hound skeletons
  7 gnolls
  A howler monkey skeleton (D:7)
  15 adders
  3 shadow imps
  An ooze (D:3)
  An adder skeleton (D:4)
  A worm (D:2)
  A dart slug (D:4)
  10 leopard geckos
  39 orcs
  7 giant cockroaches
  14 hobgoblins
  20 jackals
  4 quokkas
  3 ball pythons
  5 bats
  6 frilled lizards
  A giant cockroach zombie (D:5)
  7 goblins
  A jackal skeleton (D:7)
  13 kobolds
  A leopard gecko skeleton (D:7)
  A leopard gecko zombie (D:5)
  9 rats
  2 fungi
  A plant (Lair:6)
465 creatures vanquished.

Vanquished Creatures (collateral kills)
  A two-headed ogre (D:9)
  A necrophage (D:8)
  A crocodile (D:10)
  2 frilled lizards (D:2)
5 creatures vanquished.

Vanquished Creatures (others)
  A komodo dragon (D:10)
  2 slaves (D:5)
  2 fire vortices (Volcano)
  12 fungi
  10 plants
  2 withered plants (D:5)
29 creatures vanquished.

Grand Total: 499 creatures vanquished

Notes
Turn   | Place    | Note
-------+----------+-------------------------------------------
     0 | D:1      | H0rd4k the Human Artificer began the quest for the Orb.
     0 | D:1      | Reached XP level 1. HP: 15/15 MP: 3/3
   104 | D:1      | Reached XP level 2. HP: 11/21 MP: 4/4
   214 | D:1      | Reached XP level 3. HP: 10/26 MP: 5/5
   228 | D:1      | HP: 1/26 [hobgoblin/+0 club (3)]
   911 | D:2      | Reached XP level 4. HP: 32/32 MP: 6/6
   916 | D:2      | Noticed Terence
   931 | D:2      | Killed Terence
  1102 | D:2      | Reached skill level 1 in Armour
  1252 | D:2      | Reached XP level 5. HP: 32/37 MP: 7/7
  1253 | D:2      | Noticed a bullfrog
  1503 | D:2      | Killed a bullfrog
  1507 | D:2      | Reached XP level 6. HP: 40/44 MP: 8/8
  1541 | D:2      | Found a shadowy altar of Dithmenos.
  2282 | D:3      | Found a sparkling altar of Nemelex Xobeh.
  2546 | D:3      | Found a shimmering altar of Xom.
  2802 | D:4      | Noticed a phantom
  2811 | D:4      | Reached XP level 7. HP: 50/50 MP: 10/10
  3628 | D:4      | Found a runed translucent gate.
  3630 | D:4      | Found a runed translucent gate.
  3630 | D:4      | Found a runed translucent gate.
  3630 | D:4      | Noticed raetorn's ghost (amateur DrTm)
  4098 | D:5      | Entered Level 5 of the Dungeon
  4205 | D:5      | Found a staircase to the Ecumenical Temple.
  4212 | Temple   | Entered the Ecumenical Temple
  4228 | D:5      | Found a runed translucent gate.
  4228 | D:5      | Found a runed translucent gate.
  4228 | D:5      | Found a runed translucent gate.
  4233 | D:5      | Noticed NekoKawashu's ghost (novice KoEn)
  4233 | D:5      | Noticed Thomus's ghost (novice DECj)
  4233 | D:5      | Noticed Alannah's ghost (novice DsHu)
  4260 | D:5      | Noticed Pikel
  4291 | D:5      | Paralysed by Pikel for 4 turns
  4299 | D:5      | Paralysed by Pikel for 3 turns
  4306 | D:5      | Killed Pikel
  4306 | D:5      | Reached skill level 5 in Short Blades
  4306 | D:5      | Reached XP level 8. HP: 33/58 MP: 11/11
  4564 | D:5      | Found a bloodstained altar of Trog.
  4720 | D:5      | Noticed Eustachio
  4729 | D:5      | Killed Eustachio
  4891 | D:5      | Found a deep blue altar of Sif Muna.
  5068 | Temple   | Became a worshipper of Gozag Ym Sagoz the Greedy
  5120 | D:6      | Found Umaaw's Distillery.
  5134 | D:6      | Bought a potion of heal wounds for 50 gold pieces
  5152 | D:6      | Noticed Menkaure
  5155 | D:6      | Killed Menkaure
  5155 | D:6      | Reached XP level 9. HP: 65/65 MP: 12/12
  6188 | D:7      | Found an iron altar of Okawaru.
  6844 | D:8      | Noticed a two-headed ogre
  6854 | D:7      | Killed a two-headed ogre
  6854 | D:7      | Reached skill level 5 in Fighting
  6854 | D:7      | Reached skill level 1 in Throwing
  6854 | D:7      | Reached skill level 5 in Dodging
  6912 | D:8      | Reached XP level 10. HP: 68/76 MP: 13/13
  7028 | D:8      | Noticed Erica
  7065 | D:8      | Reached skill level 5 in Evocations
  7454 | D:9      | Noticed a two-headed ogre
  7755 | D:8      | Noticed Maurice
  7761 | D:8      | Paralysed by Maurice for 2 turns
  7772 | D:8      | Paralysed by something for 2 turns
  7781 | D:8      | Paralysed by something for 4 turns
  7794 | D:8      | Paralysed by something for 5 turns
  7823 | D:8      | Killed Maurice
  7823 | D:8      | Reached skill level 5 in Stealth
  7965 | D:9      | Noticed a two-headed ogre
  7991 | D:8      | Killed Erica
  8559 | D:8      | Found a hazy altar of Hepliaklqana.
  8701 | D:8      | Reached skill level 1 in Long Blades
  9086 | D:8      | Killed a two-headed ogre
  9086 | D:8      | Reached skill level 5 in Armour
  9269 | D:9      | Reached XP level 11. HP: 84/84 MP: 15/15
  9729 | D:9      | Found a bloodstained altar of Trog.
  9729 | D:9      | Found a hide-covered altar of Uskayaw.
  9787 | D:9      | Found Susug's Book Shoppe.
  9835 | D:9      | Killed a two-headed ogre
  9835 | D:9      | Reached skill level 5 in Long Blades
  9841 | D:9      | Killed a troll
  9980 | D:9      | Found a blossoming altar of Fedhas.
 10236 | D:10     | Entered Level 10 of the Dungeon
 10372 | D:10     | You fall through a shaft!
 11357 | D:11     | Found a runed translucent gate.
 11358 | D:11     | Found a runed translucent gate.
 11359 | D:11     | Found a runed translucent gate.
 11370 | D:11     | Found an opulent altar of Gozag.
 11370 | D:11     | Noticed an obsidian statue
 11371 | D:11     | Noticed a cyclops
 11371 | D:11     | Noticed FishyPogo's ghost (journeyman TrMo)
 11640 | D:11     | Found a staircase to the Orcish Mines.
 11997 | D:11     | Killed a cyclops
 12570 | D:10     | Reached XP level 12. HP: 50/95 MP: 16/16
 12980 | D:10     | Found a staircase to the Lair.
 13737 | D:4      | Killed raetorn's ghost
 13926 | D:5      | Killed Alannah's ghost
 13936 | D:5      | Killed Thomus's ghost
 13943 | D:5      | Killed NekoKawashu's ghost
 14169 | D:10     | Bought a +2 cloak of poison resistance for 296 gold pieces
 14191 | Lair:1   | Entered Level 1 of the Lair of Beasts
 14234 | Lair:1   | Noticed Nergalle
 14279 | Lair:2   | Reached skill level 10 in Fighting
 14469 | Lair:2   | Noticed a six-headed hydra
 14541 | Lair:1   | Noticed Harold
 14557 | Lair:1   | Killed Harold
 14557 | Lair:1   | Reached skill level 10 in Long Blades
 14839 | Lair:2   | Killed a three-headed hydra
 14859 | Lair:2   | Noticed Urug
 16026 | Lair:2   | Killed Urug
 16026 | Lair:2   | Reached XP level 13. HP: 106/106 MP: 17/17
 16363 | Lair:2   | Found a staircase to the Shoals.
 16779 | Lair:1   | Killed Nergalle
 17383 | Lair:3   | Found a staircase to the Snake Pit.
 17516 | Lair:3   | Found a dark tunnel.
 17522 | Volcano  | Entered a volcano
 19472 | Volcano  | Got a transparent bronze ring
 20346 | Lair:3   | Identified the ring of Onifu {*Tele Dex+4} (You found it in
                  | a volcano)
 20720 | Lair:4   | Noticed Josephine
 21108 | Lair:4   | Noticed Kirke
 21117 | Lair:4   | Killed Josephine
 21527 | Lair:4   | Killed Kirke
 21527 | Lair:4   | Reached XP level 14. HP: 96/118 MP: 19/19
 21839 | Lair:4   | Got a clouded jade amulet
 22137 | Lair:4   | Identified the amulet "Luuwafic" {Inacc +Inv rPois MP+9}
                  | (You found it on level 4 of the Lair of Beasts)
 23011 | Lair:5   | Found a staircase to the Slime Pits.
 23800 | Lair:6   | Entered Level 6 of the Lair of Beasts
 24667 | Lair:6   | Found a blossoming altar of Fedhas.
 24955 | Lair:6   | Slain by a spriggan rider

Skill      XL: |  1  2  3  4  5  6  7  8  9 10 11 12 13 14 |
---------------+-------------------------------------------+-----
Short Blades   | 2 3 5 6 8 |  8.9
Armour         | 1 2 3 4 5 6 |  6.4
Fighting       | 2 3 5 7 9 11 13 | 13.4
Evocations     | 4 5 6 7 |  7.3
Stealth        | 2 3 4 5 6 7 |  7.8
Dodging        | 3 4 5 6 7 8 9 |  9.4
Throwing       | 1 |  1.9
Long Blades    | 3 8 10 12 13 | 13.7

Action                   |  1- 3 |  4- 6 |  7- 9 | 10-12 | 13-15 || total
-------------------------+-------+-------+-------+-------+-------++-------
Melee: Short sword       |    76 |   196 |   367 |       |       ||   639
       Dagger            |       |       |     7 |   160 |       ||   167
       Scimitar          |       |       |       |   500 |   611 ||  1111
       Unarmed           |       |       |       |       |     1 ||     1
Throw: Javelin           |       |       |     5 |     2 |     1 ||     8
       Tomahawk          |       |       |     5 |       |       ||     5
Invok: Call Merchant     |       |       |       |     1 |       ||     1
 Abil: Evoke Invisibilit |       |       |       |       |     2 ||     2
Evoke: Wand              |     1 |     8 |    25 |    41 |    34 ||   109
       Lightning rod     |       |       |       |     4 |     4 ||     8
  Use: Scroll            |       |     4 |     1 |    18 |     9 ||    32
       Potion            |       |       |     2 |     5 |     7 ||    14
 Stab: Sleeping          |     2 |     3 |     3 |    12 |     6 ||    26
       Paralysed         |       |       |     6 |       |       ||     6
       Distracted        |       |       |       |     4 |     4 ||     8
       Invisible         |       |       |       |       |     3 ||     3
  Eat: Chunk             |       |     6 |     8 |       |       ||    14
       Ration            |       |       |     2 |     8 |     9 ||    19
Armor: Leather armour    |    21 |    39 |    91 |   178 |   167 ||   496
Dodge: Dodged            |    44 |   106 |   188 |   408 |   429 ||  1175
       Rpst.: Scimitar   |       |       |       |   105 |   109 ||   214
